 Dungeon Crawl Stone Soup version 0.26-a0-757-g626ac9e51a (webtiles) character file.

Game seed: 8325956716264143236

506 Sweetruy1997 the Chopper (level 6, -4/56 HPs)
             Began as a Minotaur Berserker on Nov 7, 2020.
             Was a Priest of Trog.
             Slain by an orc
             ... wielding a +0 mace
              (7 damage)
             ... on level 3 of the Dungeon.
             The game lasted 00:05:06 (3013 turns).

Sweetruy1997 the Chopper (Minotaur Berserker)       Turns: 3013, Time: 00:05:07

Health: -4/56      AC:  3    Str: 23    XL:     6   Next: 97%
Magic:  5/5        EV: 12    Int:  4    God:    Trog [***...]
Gold:   190        SH:  0    Dex: 10    Spells: 5/5 levels left

rFire    . . .     SeeInvis .   a - +0 hand axe
rCold    . . .     Faith    .   (no shield)
rNeg     . . .     Spirit   .   e - +0 leather armour
rPois    .         Reflect  .   (helmet restricted)
rElec    .         Harm     .   (no cloak)
rCorr    .         Rampage  .   (no gloves)
MR       .....                  (no boots)
Stlth    +.........             (no amulet)
HPRegen  0.18/turn              (no ring)
MPRegen  0.09/turn              (no ring)

@: glowing
A: retaliatory headbutt, horns 2
a: Berserk, Trog's Hand, Renounce Religion


You were on level 3 of the Dungeon.
You worshipped Trog.
Trog was most pleased with you.
You visited 1 branch of the dungeon, and saw 3 of its levels.

You collected 190 gold pieces.

Inventory:

Hand Weapons
 a - a +0 hand axe (weapon)
Armour
 e - a +0 leather armour (worn)
Wands
 n - a wand of paralysis (10)
 o - a wand of polymorph (9)
 q - a wand of iceblast (3)
Scrolls
 b - 4 scrolls of identify {unknown}
 c - 2 scrolls of enchant weapon {unknown}
 d - 2 scrolls of magic mapping {unknown}
 f - 4 scrolls of remove curse {unknown}
 h - 2 scrolls of teleportation {unknown}
 l - 3 scrolls of amnesia {unknown}
Potions
 g - a potion of brilliance {unknown}
 i - a potion of heal wounds {unknown}
 j - a potion of mutation {unknown}
 k - 4 potions of curing {unknown}
 m - a potion of magic {unknown}
 p - a potion of invisibility {unknown}


   Skills:
 + Level 5.4 Fighting
 + Level 7.7 Axes
 - Level 3.0 Armour
 + Level 3.3 Dodging
 + Level 0.9 Stealth


You had 5 spell levels left.
You didn't know any spells.
Your spell library was empty.

Dungeon Overview and Level Annotations

Branches:
Dungeon (3/15)

Altars:


Innate Abilities, Weirdness & Mutations

You reflexively headbutt those who attack you in melee.
You have a pair of horns on your head.


Message History

The gnoll is severely wounded.
The gnoll hits you.
* * * LOW HITPOINT WARNING * * *
You slash the gnoll!
You kill the gnoll!
Trog accepts your kill.
An orc comes into view. It is wielding a +0 mace.
The gnoll barely misses you. You furiously retaliate!
You headbutt the gnoll!
Items here: )) [ †.
You hit the gnoll.
The gnoll is severely wounded.
The gnoll hits you with a +0 flail!
* * * LOW HITPOINT WARNING * * *
You slash the gnoll!
You kill the gnoll!
Trog accepts your kill.
You barely miss the orc. You headbutt the orc.
The orc is heavily wounded.
The orc hits you with a +0 mace!
You die...

#.≈...P≈≈≈≈♣. ........#.#..######
.##...≈≈≈)≈♣## #........#..######
......≈≈≈≈≈♣..##.#.####..........
.#.#..♣≈≈≈♣##....†...##.#..######
....#.♣≈≈≈♣........#.##.#..#
<##.#.#♣≈≈.#####.#.........#
)##.#<#.≈#.# #.###.......#
...........# #o# ####.####
.....##.#### #@# #.# ####.##.#
#)# #.# #.##.# #)# #.# ####.##.#
#.# #.# ........# #.. ..#
####.#### ### ### ####.# .....#
######


You could see an orc.

Vanquished Creatures
  Sigmund (D:3)
  A gnoll shaman (D:3)
  An orc priest (D:3)
  An orc wizard (D:3)
  Jessica (D:2)
  Ijyb (D:3)
  7 gnolls (D:3)
  4 adders
  4 oozes
  5 worms
  A dart slug (D:1)
  4 leopard geckos
  5 orcs (D:3)
  4 giant cockroaches
  3 goblins
  7 hobgoblins
  2 quokkas
  2 ball pythons
  8 bats
  3 frilled lizards (D:2)
  8 kobolds
  6 rats
79 creatures vanquished.

Vanquished Creatures (others)
  69 plants (D:3)
69 creatures vanquished.

Grand Total: 148 creatures vanquished

Notes
Turn   | Place    | Note
-------+----------+-------------------------------------------
     0 | D:1      | Sweetruy1997 the Minotaur Berserker began the quest for the
                  | Orb.
     0 | D:1      | Reached XP level 1. HP: 19/19 MP: 0/0
   180 | D:1      | Reached XP level 2. HP: 27/27 MP: 1/1
   182 | D:1      | Reached skill level 4 in Axes
   851 | D:2      | Reached XP level 3. HP: 25/33 MP: 2/2
  1143 | D:2      | Reached ** piety under Trog
  1390 | D:2      | Reached skill level 5 in Axes
  1390 | D:2      | Reached XP level 4. HP: 40/41 MP: 3/3
  1486 | D:2      | Noticed Jessica
  1493 | D:2      | Killed Jessica
  1896 | D:3      | Noticed Ijyb
  1901 | D:3      | Killed Ijyb
  1901 | D:3      | Reached XP level 5. HP: 47/47 MP: 4/4
  1936 | D:3      | Reached skill level 6 in Axes
  2527 | D:3      | Reached *** piety under Trog
  2527 | D:3      | Reached skill level 5 in Fighting
  2529 | D:3      | Reached XP level 6. HP: 50/56 MP: 5/5
  2599 | D:3      | Noticed Sigmund
  2614 | D:3      | Killed Sigmund
  2614 | D:3      | Reached skill level 7 in Axes
  3013 | D:3      | Slain by an orc

Illustrated notes

Levels and vault maps discovered:
D:1:      dpeg_arrival_tiny_a, layout_basic
D:2:      layout_loops_ring, uniq_jessica
D:3:      layout_loops_ring, xom_butterflies, serial_bayou, serial_bayou_ford_a,
          serial_bayou_lagoon_b, serial_bayou_lagoon_a, serial_bayou_pond_b,
          uniq_ijyb, uniq_sigmund

Skill      XL: |  1  2  3  4  5  6 |
---------------+-------------------+-----
Axes           | 4 5 6 7 |  7.7
Fighting       | 4 5 |  5.4
Armour         | 3 |  3.0
Dodging        | 3 |  3.3
Stealth        | |  0.9

Action                   |  1- 3 |  4- 6 || total
-------------------------+-------+-------++-------
Melee: Hand axe          |    79 |   102 ||   181
       Headbutt          |    15 |    28 ||    43
       Unarmed           |       |    11 ||    11
Evoke: Wand              |       |     2 ||     2
 Stab: Sleeping          |       |     1 ||     1
Armor: Animal skin       |     6 |       ||     6
       Leather armour    |    15 |    12 ||    27
       Skin              |       |     4 ||     4
Dodge: Dodged            |    43 |    82 ||   125

Table legend: (Time is in decaauts)
 A = Elapsed time spent in this place.
 B = Non-inter-level travel time spent in this place.
 C = Inter-level travel time spent in this place.
 D = Time resting spent in this place.
 E = Time spent auto-exploring this place.
 F = Levels seen in this place.
 G = Mean time per level.
                   A        B        C        D        E       F      G
               +--------+--------+--------+--------+--------+-----+--------+
         Total |   3048 |   2956 |     92 |    768 |   1672 |   3 | 1016.0 |
       Dungeon |   3048 |   2956 |     92 |    768 |   1672 |   3 | 1016.0 |
               +--------+--------+--------+--------+--------+-----+--------+

Top non-repeatable levels by time:
     D:2: 1221 daAuts
     D:3: 977 daAuts
     D:1: 850 daAuts
